 Dungeon Crawl Stone Soup version 0.24-a0-249-g2af7e83 (webtiles) character file.

Game seed: 6307001518902433390

11806 Borgoz the Slicer (level 12, 0/75 HPs)
             Began as a Kobold Gladiator on Apr 13, 2019.
             Was a Follower of Ashenzari.
             Slain by a vampire (7 damage)
             ... on level 11 of the Dungeon.
             The game lasted 00:26:23 (12590 turns).

Borgoz the Slicer (Kobold Gladiator)               Turns: 12590, Time: 00:26:24

Health: 0/75       AC: 10    Str: 12 (13) XL:     12   Next: 12%
Magic:  0/15       EV: 23    Int:  9 (10) God:    Ashenzari [*.....]
Gold:   963        SH:  0    Dex: 21 (22) Spells: 14/14 levels left

rFire    + . .     SeeInvis .   b - +3 short sword (venom)
rCold    . . .     Gourm    .   (shield restricted)
rNeg     . . .     Faith    .   O - +3 leather armour {rF+}
rPois    .         Spirit   +   (helmet restricted)
rElec    .         Reflect  .   A - +2 cloak
rCorr    .         Harm     .   (no gloves)
MR       .....                  (no boots)
Stlth    +++++.....             o - amulet of guardian spirit
HPRegen  0.22/turn              L - +3 ring of slaying
MPRegen  0.14/turn              J - +3 ring of dexterity

@: very slightly contaminated, invisible
A: small, horns 1, carnivore, wild magic 1
a: Curse Item, Scrying, Renounce Religion


You were on level 11 of the Dungeon.
You worshipped Ashenzari.
Ashenzari was aware of your devotion.
You were very full.

You visited 2 branches of the dungeon, and saw 12 of its levels.
You also visited: Ossuary and Bailey.

You collected 963 gold pieces.

Inventory:

Hand Weapons
 a - a +0 rapier
 b - a +3 short sword of venom (weapon)
 p - a +0 rapier
 E - the +9 hand crossbow "Nuinusch" {penet, +Inv Str+3 SInv}
   (You took it off a gnoll shaman in a bailey)

   Ammo fired by it will pass through the targets it hits, potentially hitting
   all targets in its path until it reaches maximum range.
   It affects your strength (+3).
   It lets you see invisible.
   It lets you turn invisible.
 F - the +9 hunting sling of Fortitude {freeze, rF+ rC+ rN+ Dex+4}
   (You took it off a gnoll sergeant in a bailey)

   It causes projectiles fired from it to freeze those they strike, causing
   extra injury to most foes and up to half again as much damage against
   particularly susceptible opponents.
   They can also slow down cold-blooded creatures.
   It affects your dexterity (+4).
   It protects you from fire.
   It protects you from cold.
   It protects you from negative energy.
 Q - the +9 battleaxe "Kobold's Regret" {chaos, rF- rC++ rN+ Int+4}
   (You found it on level 10 of the Dungeon)

   Each time it hits an enemy it has a different, random effect.
   It affects your intelligence (+4).
   It makes you vulnerable to fire.
   It greatly protects you from cold.
   It protects you from negative energy.
Missiles
 d - 6 throwing nets (quivered)
Armour
 c - a +0 helmet
 i - a +0 ring mail
 m - the +3 large shield "Seal" {rElec Str-5 Int+7}
   (You found it in a bailey)

   It affects your strength (-5).
   It affects your intelligence (+7).
   It insulates you from electricity.
 A - a +2 cloak (worn)
 O - a +3 leather armour of fire resistance (worn)
 P - a +3 scale mail of magic resistance
Jewellery
 e - an uncursed ring of fire
 n - an uncursed ring of ice
 o - an amulet of guardian spirit (around neck)
 q - an uncursed ring of protection from fire
 x - an uncursed ring of poison resistance
 z - a +3 ring of intelligence
 I - an uncursed amulet of the acrobat
 J - a +3 ring of dexterity (right hand)
 L - a +3 ring of slaying (left hand)
Wands
 g - a wand of paralysis (5)
 v - a wand of acid (5)
 y - a wand of digging (5)
 B - a wand of iceblast (14)
 G - a wand of polymorph (9)
Scrolls
 j - 6 scrolls of remove curse
 k - 5 scrolls of teleportation
 t - a scroll of blinking
 w - 3 scrolls of amnesia
 M - a scroll of fog
Potions
 h - 3 potions of resistance
 l - 2 potions of haste
 r - a potion of flight
 s - 2 potions of lignification
 u - 2 potions of curing
 C - 3 potions of degeneration
 K - a potion of magic
Comestibles
 f - 30 rations
 N - 5 chunks of flesh


   Skills:
 + Level 8.3 Fighting
 + Level 10.4 Short Blades
 - Level 2.1 Throwing
 * Level 8.9 Armour
 + Level 9.6 Dodging
 - Level 10.0 Stealth
 + Level 1.5 Spellcasting
 + Level 4.7 Evocations


You had 14 spell levels left.
You didn't know any spells.
Your spell library contained the following spells:

 Spells                   Type           Power        Failure   Level  Hunger
 Animate Skeleton         Necr           N/A          50%         1    ##.....
 Apportation              Tloc           #.....       50%         1    ##.....
 Confusing Touch          Hex            #.....       50%         1    ##.....
 Summon Small Mammal      Summ           #...         50%         1    ##.....
 Confuse                  Hex            #.......     85%         3    ####...
 Gell's Gravitas          Tloc           #.........   85%         3    ####...
 Recall                   Summ/Tloc      N/A          85%         3    ####...
 Petrify                  Tmut/Erth      #.......     99%         4    #####..
 Irradiate                Conj/Tmut      #.........   100%        5    ######.
 Metabolic Englaciation   Hex/Ice        #.........   100%        5    ######.
 Yara's Violent Unravell  Hex/Tmut       #.........   100%        5    ######.
 Malign Gateway           Summ/Tloc      #.........   100%        7    #######


Dungeon Overview and Level Annotations

Branches:
Dungeon (11/15)            Temple (1/1) D:6            Lair (0/6) D:8
    Orc (0/2) D:10

Altars:
Ashenzari
Cheibriados
Dithmenos
Elyvilon
Fedhas
Gozag
Hepliaklqana
Kikubaaqudgha
Makhleb
Nemelex Xobeh
Okawaru
Qazlal
Ru
Sif Muna
Trog
Uskayaw
Vehumet
Wu Jian
Xom
Yredelemnul
Zin
The Shining One

Shops:
D:6 =

Annotations:
D:5 3 runed translucent doors, grocchini's ghost, novice MiGl


Innate Abilities, Weirdness & Mutations

You are small and have problems with some larger weapons.
You are carnivorous and can eat meat at any time.
You have a pair of small horns on your head.
Your spells are a little harder to cast, but a little more powerful.


Message History

The soldier ant completely misses you. Something hits you.
* * * LOW HITPOINT WARNING * * *
Something bites you but does no damage.
You feel better. The killer bee misses you. The killer bee closely misses you.
The soldier ant completely misses you. Something hits you.
* * * LOW HITPOINT WARNING * * *
Something barely misses you.
You feel better. The killer bee completely misses you.
The killer bee stings you.
* * * LOW HITPOINT WARNING * * *
The soldier ant completely misses you. Something hits you but does no damage.
Something closely misses you.
You miss the killer bee.
You catch the helpless soldier ant completely off-guard!
You impale the soldier ant!!
You kill the soldier ant!
The killer bee completely misses you. Something hits you.
* * * LOW HITPOINT WARNING * * *
Something bites you!
You die...

...........### [..
............###...
.............#....
###.............#
..#####........#...#
####^......<......#..##
#.#...##...............
#....###.?.............
#....#@..#..........#.#
#..{Wy.#..........# #
##...##..........##
#.........(......#
#................#
....................
......................
#...#.................
.................^....


You could see a phantom and a killer bee.

Vanquished Creatures
  A centaur warrior (D:10)
  A two-headed ogre (D:10)
  Pikel (D:5)
  A cyclops (D:10)
  A kobold demonologist (D:10)
  A hornet (D:10)
  A wind drake (shapeshifter) (D:10)
  A queen bee (D:9)
  2 hippogriffs
  A wraith (D:11)
  3 wyverns
  6 yaks (D:9)
  Eustachio (D:4)
  A steam dragon (D:10)
  A soldier ant (D:11)
  3 black bears
  7 ice beasts
  5 orc warriors
  5 sky beasts
  2 slaves (D:5)
  5 ogres
  4 centaurs
  2 big kobolds
  6 bullfrogs
  A wyvern zombie (D:7)
  9 gnoll sergeants
  3 water moccasin zombies (Ossuary)
  A water moccasin skeleton (D:5)
  5 scorpions
  16 killer bees
  A centaur zombie (D:9)
  4 crimson imps
  7 hounds
  2 orc priests
  A bullfrog zombie (D:10)
  6 gnoll shamans (Bailey)
  12 orc wizards
  5 worker ants
  An iguana (D:9)
  6 big kobold zombies (Ossuary)
  2 mummies (Ossuary)
  2 hound skeletons
  3 worker ant zombies
  25 gnolls
  13 adders
  3 shadow imps
  An adder zombie (Ossuary)
  An adder skeleton (D:5)
  A dart slug (D:3)
  4 worms
  5 leopard geckos
  42 orcs
  8 bats
  A giant cockroach (D:2)
  4 gnoll zombies (Ossuary)
  8 goblins
  7 hobgoblins
  12 jackals
  14 kobolds
  2 quokkas
  2 ball pythons
  2 frilled lizards (D:4)
  A goblin zombie (D:7)
  4 hobgoblin zombies (Ossuary)
  A jackal skeleton (D:4)
  3 kobold zombies (Ossuary)
  2 leopard gecko skeletons
  5 orc zombies (Ossuary)
  2 quokka zombies (D:7)
  7 rats
  A butterfly (D:6)
330 creatures vanquished.

Notes
Turn   | Place    | Note
-------+----------+-------------------------------------------
     0 | D:1      | Borgoz the Kobold Gladiator began the quest for the Orb.
     0 | D:1      | Reached XP level 1. HP: 12/12 MP: 1/1
    68 | D:1      | Reached skill level 1 in Stealth
    68 | D:1      | Reached XP level 2. HP: 8/18 MP: 2/2
   355 | D:1      | Reached XP level 3. HP: 22/22 MP: 3/3
   385 | D:1      | Reached skill level 1 in Armour
  1269 | D:2      | Reached XP level 4. HP: 27/27 MP: 4/4
  1460 | D:2      | Found a faded altar of an unknown god.
  2340 | D:3      | Reached XP level 5. HP: 27/32 MP: 5/5
  2695 | D:3      | You fall through a shaft for 2 floors!
  2695 | D:5      | Entered Level 5 of the Dungeon
  2759 | D:5      | Reached skill level 5 in Short Blades
  2759 | D:5      | Reached XP level 6. HP: 37/37 MP: 6/6
  3109 | D:5      | Noticed an ogre
  3122 | D:5      | Killed an ogre
  3122 | D:5      | Reached XP level 7. HP: 41/41 MP: 7/7
  3316 | D:4      | Reached skill level 5 in Dodging
  4540 | D:4      | Noticed Eustachio
  4553 | D:4      | Killed Eustachio
  4553 | D:4      | Reached XP level 8. HP: 48/48 MP: 8/8
  5472 | D:5      | Reached skill level 5 in Stealth
  5509 | D:5      | Found a runed translucent gate.
  5516 | D:5      | Found a runed translucent gate.
  5516 | D:5      | Found a runed translucent gate.
  5517 | D:5      | Noticed grocchini's ghost (novice MiGl)
  5733 | D:5      | Noticed Pikel
  5766 | D:5      | Killed Pikel
  5766 | D:5      | Reached skill level 5 in Fighting
  5766 | D:5      | Reached skill level 5 in Armour
  5766 | D:5      | Reached XP level 9. HP: 30/54 MP: 4/9
  5884 | D:5      | Found a deep blue altar of Sif Muna.
  6064 | D:6      | Found Lotet's Jewellery Shoppe.
  6500 | D:6      | Found a staircase to the Ecumenical Temple.
  6653 | Temple   | Entered the Ecumenical Temple
  6678 | Temple   | Became a worshipper of Ashenzari the Shackled
  7192 | D:6      | Found a bloodstained altar of Trog.
  7592 | D:7      | Found a sand-covered staircase.
  7746 | Ossuary  | Entered an ossuary
  8045 | Ossuary  | Reached XP level 10. HP: 56/60 MP: 10/10
  8582 | D:8      | Found a shadowy altar of Dithmenos.
  8636 | D:8      | Noticed a death yak
  8753 | D:8      | Found a staircase to the Lair.
  8753 | D:8      | Noticed a death yak
  8755 | D:8      | Noticed a death yak
  8755 | D:8      | Noticed a death yak
  8755 | D:8      | Noticed a death yak
  9029 | D:9      | Reached skill level 1 in Evocations
  9050 | D:9      | Reached XP level 11. HP: 52/67 MP: 7/12
  9900 | D:10     | Entered Level 10 of the Dungeon
 10010 | D:10     | Found an ancient bone altar of Kikubaaqudgha.
 10011 | D:10     | Found a deep blue altar of Sif Muna.
 10011 | D:10     | Found an opulent altar of Gozag.
 10011 | D:10     | Found an iron altar of Okawaru.
 10025 | D:10     | Noticed a cyclops
 10038 | D:10     | Killed a cyclops
 10076 | D:10     | Noticed a two-headed ogre
 10091 | D:10     | Killed a two-headed ogre
 10237 | D:10     | Found a staircase to the Orcish Mines.
 10363 | D:10     | Found a flagged portal.
 10372 | Bailey   | Entered a bailey
 10582 | Bailey   | HP: 2/68 [gnoll sergeant/+0 glaive (6)]
 10889 | Bailey   | Identified the +9 hand crossbow "Nuinusch" {penet, +Inv
                  | Str+3 SInv}
 10891 | Bailey   | Identified the +9 hunting sling of Fortitude {freeze, rF+
                  | rC+ rN+ Dex+4}
 10974 | Bailey   | Reached skill level 10 in Short Blades
 11369 | Bailey   | Got the uncursed large shield "Seal" {rElec Str-5 Int+7}
 11615 | D:10     | Reached skill level 10 in Stealth
 11720 | D:10     | Reached * piety under Ashenzari
 11925 | D:10     | Noticed a centaur warrior
 11948 | D:10     | Killed a centaur warrior
 11948 | D:10     | Reached skill level 1 in Spellcasting
 11948 | D:10     | Reached XP level 12. HP: 41/74 MP: 9/15
 12109 | D:10     | Got the battleaxe "Kobold's Regret" {chaos, rF- rC++ rN+
                  | Int+4}
 12111 | D:10     | Identified the Almanac of Shape Shifting and Creation
 12586 | D:11     | Gained mutation: Your spells are a little harder to cast,
                  | but a little more powerful. [potion of mutation]
 12586 | D:11     | Gained mutation: You have a pair of small horns on your
                  | head. [potion of mutation]
 12590 | D:11     | Slain by a vampire

Levels and vault maps discovered:
D:1:      dpeg_arrival_water_altar, layout_rooms, kennysheep_pointless_box,
          hangedman_glass_teeth, minivault_26, minmay_quantized
D:2:      layout_basic, chequers_ecumenical_altar_simple_redux
D:3:      minmay_evil_eye, layout_loops_cross
D:4:      layout_basic, uniq_eustachio
D:5:      layout_gridville, first_ration, ebering_ghost_rock_garden,
          st_stairs_2, lemuel_blue_sif_altar, uniq_pikel
D:6:      layout_loops_ring, minmay_temple_entry_butterflies, basic_altar,
          serial_shops, kennysheep_mini
D:7:      layout_loops_ring, enter_ossuary_4
D:8:      layout_basic, nicolae_dithmenos_shadow_blocks, dpeg_lair_monsters,
          nicolae_gozag_zags_fifth_avenue, uniq_maurice
D:9:      layout_stronghold, david_nohive_1
D:10:     minmay_the_grid_octo_2x2 [minmay_the_grid_octo_shrine,
          minmay_the_grid_octo_focus, minmay_the_grid_octo_concentric,
          minmay_the_grid_octo_prize_single_spiral], layout_stronghold,
          david_orc_2, enter_bailey_2, evilmike_butchery
D:11:     layout_cave_pools
Temple:   nicolae_temple_the_god_donut
Ossuary:  ossuary_tomb_2
Bailey:   bailey_polearm_gnolls_kennysheep, bailey

Skill      XL: |  1  2  3  4  5  6  7  8  9 10 11 |
---------------+----------------------------------+-----
Stealth        | 1 2 3 4 6 7 8 10 | 10.0
Armour         | 1 2 3 5 6 7 8 |  8.9
Dodging        | 4 5 6 7 8 9 |  9.6
Fighting       | 3 4 5 6 7 8 |  8.3
Short Blades   | 5 6 7 8 9 10 | 10.4
Evocations     | 1 4 |  4.7
Spellcasting   | 1 |  1.5
Throwing       | |  2.1

Action                   |  1- 3 |  4- 6 |  7- 9 | 10-12 || total
-------------------------+-------+-------+-------+-------++-------
Melee: Rapier            |    74 |    84 |   135 |       ||   293
       Dagger            |       |   178 |       |       ||   178
       Short sword       |       |       |   385 |   746 ||  1131
Throw: Throwing net      |     3 |     5 |       |     1 ||     9
Evoke: Wand              |       |       |       |    13 ||    13
  Use: Scroll            |       |     3 |     3 |     8 ||    14
       Potion            |       |     1 |     4 |    14 ||    19
 Stab: Held in net/web   |     2 |     2 |       |       ||     4
       Sleeping          |     2 |     4 |    12 |    19 ||    37
       Distracted        |       |       |       |     1 ||     1
       Invisible         |       |       |       |     1 ||     1
  Eat: Chunk             |     8 |     7 |    16 |    15 ||    46
Armor: Leather armour    |    17 |    30 |    24 |    21 ||    92
       Ring mail         |       |       |    62 |   121 ||   183
       Skin              |       |       |       |     3 ||     3
Dodge: Dodged            |    67 |   143 |   346 |   716 ||  1272

Table legend:
 A = Non-vault XP
 B = Vault XP
 C = Vault XP percentage of total XP
 D = Non-vault monster count
 E = Vault monster count
 F = Vault count percentage of total count
                 A         B        C        D         E       F
            +---------+---------+-------+---------+---------+-------
      Total |    8539 |    8328 |  49.4 |     217 |     110 |  33.6
            +---------+---------+-------+---------+---------+-------
        D:1 |      35 |       7 |  16.7 |      12 |       3 |  20.0
        D:2 |      85 |       0 |   0.0 |      20 |       0 |   0.0
        D:3 |     199 |      10 |   4.8 |      28 |       4 |  12.5
        D:4 |     463 |     188 |  28.9 |      35 |       1 |   2.8
        D:5 |     484 |     756 |  61.0 |      17 |       3 |  15.0
        D:6 |     964 |       0 |   0.0 |      21 |       0 |   0.0
        D:7 |     768 |       2 |   0.3 |      14 |       2 |  12.5
        D:8 |     438 |       0 |   0.0 |       3 |       0 |   0.0
        D:9 |    2635 |    1167 |  30.7 |      33 |      15 |  31.2
       D:10 |    1956 |    4528 |  69.8 |      28 |      24 |  46.2
       D:11 |     512 |       0 |   0.0 |       6 |       0 |   0.0
    Ossuary |       0 |     452 | 100.0 |       0 |      28 | 100.0
     Bailey |       0 |    1218 | 100.0 |       0 |      30 | 100.0
            +---------+---------+-------+---------+---------+-------
